 Dungeon Crawl Stone Soup version 0.28.0 (webtiles) character file.

Game seed: 15466529048797531841

22433 trckry the Summoner (level 13, -8/101 HPs)
             Began as a Barachi Summoner on Feb 13, 2022.
             Was a Follower of Ru.
             Mangled by a harpy simulacrum (20 damage)
             ... in an ice cave.
             The game lasted 01:00:22 (14640 turns).

trckry the Summoner (Barachi Summoner)             Turns: 14640, Time: 01:00:22

Health: -8/101     AC: 13    Str:  9    XL:     13   Next: 0%
Magic:  11/27      EV: 16    Int: 20    God:    Ru [*.....]
Gold:   731        SH:  0    Dex: 14    Spells: 23/33 levels left

rFire   + . .      SeeInvis .   o - +0 quarterstaff
rCold   . . .      Faith    .   (shield currently unavailable)
rNeg    . . .      Spirit   .   D - +1 robe of Vines {NoPotionHeal Regen++++}
rPois   .          Reflect  .   j - +2 helmet
rElec   .          Harm     .   y - +0 cloak
rCorr   .          Rampage  .   v - +0 pair of gloves
Will    .....                   O - +2 pair of boots
Stlth   ++........              (no amulet)
HPRegen 3.46/turn               C - ring of protection from fire
MPRegen 0.20/turn               (no ring)

@: marked, unable to hop, slow
A: amphibious, slowness 1, missing an eye, strong legs 2, +LOS
a: Hop, Renounce Religion


You were in an ice cave.
You worshipped Ru.
Ru was aware of your devotion.
You visited 2 branches of the dungeon, and saw 13 of its levels.
You also visited: Sewer and Ice Cave.

You collected 888 gold pieces.
You spent 157 gold pieces at shops.

Inventory:

Hand Weapons
 o - a +0 quarterstaff (weapon)
Missiles
 w - 21 poisoned darts (quivered)
 M - 4 throwing nets
Armour
 j - a +2 helmet (worn)
 q - a +2 hat of willpower
 v - a +0 pair of gloves (worn)
 y - a +0 cloak (worn)
 D - the +1 robe of Vines (worn) {NoPotionHeal Regen++++}
   (You found it on level 7 of the Dungeon)

   Its wearer cannot be healed by potions.
   Regen:     It increases your rate of health regeneration.
 N - a +2 robe of willpower
 O - a +2 pair of boots (worn)
Jewellery
 C - a ring of protection from fire (left hand)
Wands
 n - a wand of charming (7)
 p - a wand of digging (10)
 G - a wand of paralysis (12)
 I - a wand of polymorph (6)
 J - a wand of flame (43)
 L - a wand of iceblast (7)
Scrolls
 a - a scroll of brand weapon {unknown}
 b - 2 scrolls of immolation {unknown}
 d - 2 scrolls of fear {unknown}
 e - a scroll of fog {unknown}
 f - 2 scrolls of vulnerability {unknown}
 i - 2 scrolls of summoning {unknown}
 k - 5 scrolls of teleportation
 l - 6 scrolls of identify {unknown}
 m - 3 scrolls of enchant weapon {unknown}
 s - a scroll of magic mapping {unknown}
 u - 2 scrolls of amnesia {unknown}
 B - 2 scrolls of blinking
 E - 2 scrolls of holy word {unknown}
 F - a scroll of enchant armour {unknown}
 H - a scroll of acquirement {unknown}
 Q - a scroll of silence {unknown}
 R - a scroll of noise {unknown}
Potions
 c - 2 potions of heal wounds
 g - a potion of magic {unknown}
 h - a potion of mutation {unknown}
 r - a potion of lignification {unknown}
 t - a potion of invisibility {unknown}
 x - 2 potions of flight
 z - a potion of curing
 A - 2 potions of might {unknown}
 K - a potion of berserk rage {unknown}
 P - 6 potions of ambrosia


   Skills:
 + Level 9.0 Fighting
 * Level 3.4 Staves
 - Level 8.0 Armour
 + Level 8.8 Dodging
 - Level 2.0 Stealth
 + Level 10.5 Spellcasting
 + Level 12.3 Summonings
 - Level 6.0 Air Magic
 + Level 8.8 Evocations


You had 23 spell levels left.
You knew the following spells:

 Your Spells              Type           Power      Damage    Failure   Level
a - Summon Small Mammal   Summ           100%       N/A       1%          1
b - Call Imp              Summ           56%        N/A       1%          2
c - Call Canine Familiar  Summ           56%        N/A       1%          3
d - Summon Lightning Spi  Summ/Air       47%        N/A       1%          4

Your spell library contained the following spells:

 Spells                   Type           Power      Damage    Failure   Level
 Summon Guardian Golem    Hex/Summ       35%        N/A       1%          3
 Corpse Rot               Necr/Air       44%        N/A       3%          2
 Airstrike                Air            17%        N/A       5%          4
 Magic Dart               Conj           40%        1d5       7%          1
 Searing Ray              Conj           20%        2d5       10%         2
 Dazzling Flash           Conj/Hex       20%        N/A       21%         3
 Lightning Bolt           Conj/Air       11%        1d24      47%         5
 Animate Dead             Necr           5%         N/A       54%         4
 Dispel Undead            Necr           10%        3d9       54%         4
 Fulminant Prism          Conj/Hex       5%         3d7       54%         4
 Iskenderun's Mystic Bla  Conj/Tloc      10%        2d4       54%         4
 Borgnjor's Vile Clutch   Necr/Erth      5%         N/A       88%         5
 Death Channel            Necr           5%         N/A       100%        6
 Starburst                Conj/Fire      5%         6d4       100%        6


Dungeon Overview and Level Annotations

Branches:
Dungeon (12/15)            Temple (1/1) D:6            Lair (0/6) D:9
    Orc (0/2) D:10          Sewer (visited)           IceCv (1/1)

Altars:
Ashenzari
Cheibriados
Dithmenos
Elyvilon
Fedhas
Gozag
Hepliaklqana
Kikubaaqudgha
Makhleb
Nemelex Xobeh
Okawaru
Qazlal
Ru
Sif Muna
Trog
Uskayaw
Vehumet
Wu Jian
Xom
Yredelemnul
Zin
The Shining One

Shops:
D:3 [   D:11 =(*

Annotations:
IceCv exclusion: ice statue


Innate Abilities, Weirdness & Mutations

You are amphibious.
You cover ground slowly.
You are missing an eye, making it more difficult to aim.
You can hop long distances.
You have an extended range of vision and can be seen from far away.


Message History

Your lightning spire shoots out a bolt of lightning at the ice beast!
The bolt of electricity hits the ice beast! x2
The bolt of electricity hits the ice beast!!
The ice beast dies!
The ice beast disappears in a puff of smoke!
The ice beast hits your lightning spire but does no damage.
An ice devil comes into view.
Your lightning spire shoots out a bolt of lightning at the ice beast!
The bolt of electricity hits the ice beast!
The ice beast dies!
The ice beast disappears in a puff of smoke!
The harpy simulacrum claws you! The harpy simulacrum freezes you!
The harpy simulacrum closely misses you. x2
The harpy simulacrum claws you but does no damage.
The harpy simulacrum claws you. The harpy simulacrum freezes you!
* * * LOW HITPOINT WARNING * * *
The harpy simulacrum barely misses you. The harpy simulacrum claws you!
* * * LOW HITPOINT WARNING * * *
The harpy simulacrum freezes you!!
* * * LOW HITPOINT WARNING * * *
The harpy simulacrum claws you but does no damage.
A freezing wraith comes into view.
Hop to where?
Press: ? - help, Dir - move target Boing!
Casting: Summon Lightning Spire (mildly dangerous; 1% risk of failure)
Confirm with . or Enter, or press ? or * to list all spells.
Okay, then.
Unknown command.
Unknown command.
Okay, then.
Casting: Summon Lightning Spire (mildly dangerous; 1% risk of failure)
Confirm with . or Enter, or press ? or * to list all spells.
The harpy simulacrum closely misses you.
The harpy simulacrum barely misses you. x2
The harpy simulacrum claws you but does no damage.
The harpy simulacrum claws you.
* * * LOW HITPOINT WARNING * * *
The harpy simulacrum freezes you!!
You die...

8## #.........([# .##
#.........[[# ..#
##.......#### ### ..##
###...### ... ...##
###..## ### .8Y ∩...#
##..#### ###8## ..Z ....#
#...#..#####°.YZ##### §..
∩..##
###.....#....##...#.##...
..##
#####h@Z.######Z.4W...#
### ###### ##.##.###
######


You could see an ice beast (summoned), a death yak simulacrum, a harpy
simulacrum (ally target), a friendly warg (summoned) and a friendly lightning
spire (summoned).

Vanquished Creatures
  A boulder beetle (D:12)
  Maurice (D:10)
  2 centaur zombies
  A wyvern (D:9)
  A wraith (D:9)
  An ice beast (D:6)
  An orc warrior (D:11)
  Dowan (D:4)
  A killer bee (D:7)
  A wight (D:7)
  A bullfrog zombie (D:6)
  A hound (D:6)
  Natasha (D:4)
  A wolf simulacrum (IceCv)
  An adder (D:4)
  A dart slug (D:4)
  An orc (D:6)
  2 orc skeletons (D:10)
  An orc zombie (D:10)
21 creatures vanquished.

Vanquished Creatures (collateral kills)
  Gastronok (D:8)
  Harold (D:10)
  A hydra (D:7)
  A boulder beetle (D:11)
  Erica (D:10)
  A death knight (D:8)
  A skeletal warrior (D:8)
  The ghost of js333 the Thaumaturge, a novice DECj (D:7)
  A cyclops (D:12)
  An unseen horror (D:11)
  2 ice devils (D:12)
  2 anaconda simulacra (IceCv)
  4 freezing wraiths
  A komodo dragon (D:9)
  7 trolls
  A queen bee (D:10)
  Prince Ribbit (D:5)
  Grinder (D:4)
  2 wraiths
  4 yaks (D:10)
  A dire elephant simulacrum (IceCv)
  3 wyverns (D:9)
  3 basilisks
  A steam dragon (D:7)
  6 vampire mosquitoes
  A harpy simulacrum (IceCv)
  Menkaure (D:4)
  Duvessa (D:4)
  2 acid dragons
  3 water moccasins
  A black bear (D:7)
  An ice beast (D:5)
  5 orc warriors
  9 ogres
  4 centaurs
  3 phantoms (D:10)
  2 kobold brigands
  2 bullfrogs
  A gnoll sergeant (D:6)
  3 scorpions
  A wyvern skeleton (D:5)
  4 cane toad simulacra (IceCv)
  A water moccasin skeleton (D:3)
  A troll zombie (D:10)
  23 killer bees
  10 wights
  3 electric eels (D:11)
  4 crimson imps (D:6)
  4 centaur zombies
  6 orc priests
  A gnoll shaman (D:7)
  A jelly (D:7)
  2 centaur skeletons
  Natasha (twice) (D:4)
  An iguana (D:6)
  9 orc wizards
  4 polar bear simulacra (IceCv)
  3 spriggan simulacra (IceCv)
  2 wolf simulacra (IceCv)
  5 ogre zombies (D:10)
  Robin (D:2)
  3 howler monkey zombies
  18 gnolls
  8 adders
  A river rat (Sewer)
  A shadow imp (D:6)
  3 white imps
  2 ufetubi
  An adder skeleton (D:4)
  4 dart slugs
  41 orcs
  5 endoplasms
  3 giant cockroaches
  13 goblins
  10 hobgoblins
  10 jackals
  4 quokkas
  5 ball pythons
  5 bats
  5 frilled lizards
  5 hobgoblin zombies (D:10)
  15 kobolds
  2 orc skeletons (D:10)
  9 orc zombies (D:10)
  11 rats
360 creatures vanquished.

Vanquished Creatures (others)
  An orc (D:11)
  13 plants (D:7)
14 creatures vanquished.

Grand Total: 395 creatures vanquished

Notes
Turn   | Place    | Note
-------+----------+-------------------------------------------
     0 | D:1      | trckry the Barachi Summoner began the quest for the Orb.
     0 | D:1      | Reached XP level 1. HP: 13/13 MP: 3/3
    65 | D:1      | Reached skill level 5 in Summonings
    76 | D:1      | Reached XP level 2. HP: 10/19 MP: 1/5
   599 | D:1      | Learned a level 2 spell: Call Imp
   631 | D:1      | Reached XP level 3. HP: 24/24 MP: 4/6
   635 | D:1      | Learned a level 3 spell: Call Canine Familiar
  1361 | D:2      | Noticed Robin
  1498 | D:2      | Reached skill level 6 in Summonings
  1540 | D:2      | Reached XP level 4. HP: 30/30 MP: 8/8
  1566 | D:2      | Killed Robin
  2194 | D:3      | Reached XP level 5. HP: 26/35 MP: 2/10
  2201 | D:3      | Reached skill level 7 in Summonings
  2202 | D:3      | HP: 3/35 [orc priest/divine providence (14)]
  2730 | D:3      | Reached XP level 6. HP: 41/41 MP: 8/11
  3067 | D:3      | Found Funkywni's Armour Boutique.
  3408 | D:4      | Noticed Duvessa
  3408 | D:4      | Noticed Dowan
  3503 | D:4      | Noticed Grinder
  3549 | D:4      | Killed Grinder
  3550 | D:4      | Reached skill level 8 in Summonings
  3550 | D:4      | Reached XP level 7. HP: 19/46 MP: 2/13
  3774 | D:4      | HP: 4/46 [poisoned by a scorpion]
  4046 | D:4      | Found a broken altar of Ashenzari.
  4110 | D:4      | Noticed Natasha
  4144 | D:4      | Killed Natasha
  4273 | D:4      | Found an opulent altar of Gozag.
  4308 | D:4      | Noticed Natasha
  4348 | D:4      | Killed Natasha
  4349 | D:4      | Reached skill level 9 in Summonings
  4369 | D:4      | Reached skill level 5 in Spellcasting
  4558 | D:4      | Noticed Menkaure
  4570 | D:4      | Killed Menkaure
  4720 | D:4      | Noticed Natasha
  4738 | D:4      | Killed Natasha
  4893 | D:4      | Found a basalt altar of Yredelemnul.
  5021 | D:4      | Reached XP level 8. HP: 29/52 MP: 14/16
  5065 | D:4      | Killed Duvessa
  5066 | D:4      | Reached skill level 10 in Summonings
  5094 | D:4      | Killed Dowan
  5516 | D:4      | Learned a level 4 spell: Summon Lightning Spire
  5564 | D:5      | Entered Level 5 of the Dungeon
  5643 | D:5      | Noticed Prince Ribbit
  5659 | D:5      | Killed Prince Ribbit
  5660 | D:5      | Reached skill level 1 in Fighting
  5660 | D:5      | Reached skill level 1 in Armour
  5660 | D:5      | Reached skill level 1 in Air Magic
  5660 | D:5      | Reached skill level 1 in Evocations
  5776 | D:5      | Reached XP level 9. HP: 27/61 MP: 15/18
  5834 | D:5      | Found a glowing drain.
  5841 | Sewer    | Entered a sewer
  5981 | Sewer    | Reached skill level 11 in Summonings
  6052 | Sewer    | Found a glowing silver altar of Zin.
  6365 | D:5      | Found a shadowy altar of Dithmenos.
  7296 | D:6      | Found a shimmering altar of Xom.
  7339 | D:6      | Found a sacrificial altar of Ru.
  7395 | D:6      | Became a worshipper of Ru the Awakened
  7611 | D:6      | Found a staircase to the Ecumenical Temple.
  7852 | D:6      | Found a shimmering blue altar of Sif Muna.
  7893 | D:7      | Found an ancient bone altar of Kikubaaqudgha.
  7954 | Temple   | Entered the Ecumenical Temple
  8205 | D:7      | Noticed a troll
  8214 | D:7      | Killed a troll
  8293 | D:7      | Found the +1 robe of Vines {NoPotionHeal Regen++++}
  8310 | D:7      | Reached XP level 10. HP: 71/71 MP: 11/20
  8311 | D:7      | Reached skill level 12 in Summonings
  8764 | D:7      | Noticed a four-headed hydra
  8780 | D:7      | Killed a four-headed hydra
  8781 | D:7      | Reached skill level 5 in Fighting
  8781 | D:7      | Reached skill level 5 in Dodging
  8932 | D:7      | Reached skill level 5 in Armour
  8968 | D:7      | Found a runed translucent door.
  8968 | D:7      | Noticed js333's ghost (novice DECj)
  9158 | D:7      | Killed js333's ghost
  9344 | D:8      | Gained mutation: You are missing an eye, making it more
                  | difficult to aim. [Ru sacrifice]
  9344 | D:8      | Reached * piety under Ru
  9393 | D:8      | Noticed Gastronok
  9396 | D:8      | Reached skill level 5 in Air Magic
  9410 | D:8      | Killed Gastronok
  9411 | D:8      | Reached skill level 5 in Evocations
  9411 | D:8      | Reached XP level 11. HP: 81/81 MP: 12/22
  9471 | D:8      | Noticed a skeletal warrior
  9496 | D:8      | Killed a skeletal warrior
  9644 | D:8      | Noticed a death knight
  9667 | D:8      | Killed a death knight
  9794 | D:8      | Found a bloodstained altar of Trog.
  9807 | D:8      | Identified the +5 morningstar of Forgiveness {antimagic,
                  | rPois}
  9988 | D:8      | Found an iron altar of Okawaru.
 10317 | D:9      | Found a staircase to the Lair.
 11384 | D:10     | Entered Level 10 of the Dungeon
 11386 | D:10     | Found a snail-covered altar of Cheibriados.
 11507 | D:10     | Found a staircase to the Orcish Mines.
 11818 | D:10     | Found a glowing golden altar of the Shining One.
 11820 | D:10     | Noticed Maurice
 11861 | D:10     | Killed Maurice
 12115 | D:10     | Noticed Harold
 12128 | D:10     | Killed Harold
 12143 | D:10     | Noticed Erica
 12169 | D:10     | Killed Erica
 12170 | D:10     | Reached XP level 12. HP: 86/92 MP: 8/24
 12651 | D:11     | Found Cuots's Antique Weapon Shoppe.
 12777 | D:11     | Found Azyzucoh's General Store.
 12817 | D:11     | Bought a scroll of blinking for 112 gold pieces
 12817 | D:11     | Bought a scroll of teleportation for 45 gold pieces
 12823 | D:11     | Noticed a boulder beetle
 13238 | D:11     | Reached skill level 10 in Spellcasting
 13403 | D:11     | Killed a boulder beetle
 13468 | D:11     | Found Yfic's Jewellery Shop.
 13976 | D:12     | Reached skill level 1 in Staves
 14044 | D:12     | Noticed a boulder beetle
 14088 | D:12     | Killed a boulder beetle
 14160 | D:12     | Found a frozen archway.
 14251 | IceCv    | Entered an ice cave
 14592 | IceCv    | Gained mutation: You can hop long distances. [Barachi
                  | growth]
 14592 | IceCv    | Reached XP level 13. HP: 101/101 MP: 21/27
 14637 | IceCv    | HP: 2/101 [harpy simulacrum (20)]
 14640 | IceCv    | Mangled by a harpy simulacrum

Illustrated notes

Levels and vault maps discovered:
D:1:      sevenhm_arrival_forest_fort_large_2, layout_basic
D:2:      layout_rooms, uniq_robin
D:3:      layout_basic, serial_shops, shop_statue
D:4:      layout_loops_cross, mainiacjoe_overflow_alcove_4,
          overflow_temple_1_default, nicolae_ashenzari_panopticon,
          nicolae_elevator_lobby_plus, uniq_natasha, uniq_grinder, uniq_duvessa,
          uniq_menkaure
D:5:      layout_rooms, nicolae_dithmenos_shadow_blocks,
          gup_sewer_entry_bubbles, minmay_misc_feat_nine_boxes,
          uniq_prince_ribbit1
D:6:      layout_layer_cave, led_xom_imps, lemuel_blue_sif_altar,
          nicolae_ru_awakened_eye, temple_hall
D:7:      layout_gridville, mainiacjoe_overflow_small_starburst,
          gammafunk_ghost_grave, hellmonk_guarded_unrand_vines
D:8:      layout_rooms, mainiacjoe_overflow_surrounded_room,
          mainiacjoe_overflow_alcove_1, minivault_21, uniq_gastronok
D:9:      layout_stronghold, erik_lair_dragon
D:10:     layout_basic, mainiacjoe_overflow_catwalk_spiral, zombieorc1_lemuel,
          special_room [special_room_bee], uniq_harold, uniq_erica, uniq_maurice
D:11:     layout_basic, special_room [special_room_orc], serial_shops, shop,
          shop, nicolae_shop_behind_doors, nzn_sisyphean_effort
D:12:     layout_long_grid, portal_ice_cave_demonic_guard, grunt_ministairs_15
Temple:   zaba_magenta_temple
IceCv:    ice_cave_small_necro

Skill      XL: |  1  2  3  4  5  6  7  8  9 10 11 12 |
---------------+-------------------------------------+-----
Summonings     | 5 6 7 8 9 10 11 12 | 12.3
Stealth        | 2 |  2.0
Spellcasting   | 3 4 5 6 7 8 10 | 10.5
Fighting       | 2 3 6 8 9 |  9.0
Armour         | 2 3 5 7 8 |  8.0
Air Magic      | 2 3 5 6 |  6.0
Evocations     | 1 3 5 7 8 |  8.8
Dodging        | 3 4 5 7 8 |  8.8
Staves         | 3 |  3.4

Action                   |  1- 3 |  4- 6 |  7- 9 | 10-12 | 13-15 || total
-------------------------+-------+-------+-------+-------+-------++-------
Melee: Quarterstaff      |       |     5 |    78 |   222 |       ||   305
Throw: Dart              |       |       |       |    12 |       ||    12
 Cast: Summon Small Mamm |    30 |       |       |       |       ||    30
       Call Imp          |     6 |    11 |    14 |    11 |       ||    42
       Call Canine Famil |     1 |    20 |    47 |    85 |     4 ||   157
       Summon Lightning  |       |       |     2 |    57 |     2 ||    61
Invok: Sacrifice an Eye  |       |       |       |     1 |       ||     1
       Reject Sacrifices |       |       |       |     1 |       ||     1
 Abil: Hop               |     1 |       |     3 |     4 |     1 ||     9
Evoke: Wand              |       |       |       |     1 |       ||     1
  Use: Potion            |       |       |     3 |       |       ||     3
 Stab: Distracted        |       |       |     1 |     5 |       ||     6
       Sleeping          |       |       |       |     2 |       ||     2
Armor: Robe              |    16 |    22 |    45 |   142 |     6 ||   231
Dodge: Dodged            |    83 |    47 |   103 |   314 |    11 ||   558
